 Dungeon Crawl Stone Soup version 0.23-a0-449-g8e4cbf7b70 (webtiles) character file.

9812 Multipenetrator the Fighter (level 11, 0/89 HPs)
             Began as a Demonspawn Berserker on Nov 21, 2018.
             Was a High Priest of Trog.
             Slain by a hippogriff (1 damage)
             ... on level 11 of the Dungeon.
             The game lasted 01:55:19 (10947 turns).

Multipenetrator the Fighter (Demonspawn Berserker) Turns: 10947, Time: 01:55:19

Health: 0/89       AC:  9    Str: 19      XL:     11   Next: 28%
Magic:  11/11      EV: 11    Int:  8      God:    Trog [*****.]
Gold:   513        SH:  5    Dex: 14 (15) Spells: 10/10 levels left

rFire    . . .     SeeInvis +   F - +1 dagger (drain)
rCold    + . .     Gourm    .   O - +0 buckler
rNeg     + . .     Faith    .   K - +0 ring mail {rC+}
rPois    .         Spirit   .   (helmet unavailable)
rElec    .         Reflect  .   J - +0 cloak
rCorr    .         Harm     .   (no gloves)
MR       .....                  (no boots)
Stlth    +++++.....             (no amulet)
HPRegen  0.24/turn              R - ring of positive energy
MPRegen  0.12/turn              y - ring of stealth

@: barbed spikes
A: antennae 3, iridescent scales 1, nightstalker 1, powered by death 1,
augmentation 1
a: Berserk, Trog's Hand, Brothers in Arms, Renounce Religion


You were on level 11 of the Dungeon.
You worshipped Trog.
Trog was extremely pleased with you.
You were not hungry.

You visited 2 branches of the dungeon, and saw 12 of its levels.

You collected 513 gold pieces.

Inventory:

Hand Weapons
 b - a +0 rapier
 u - a +0 hand axe
 B - a +0 scimitar
 F - a +1 dagger of draining (weapon)
 G - a +1 short sword of freezing
Missiles
 Q - 5 throwing nets (quivered)
Armour
 g - a +0 ring mail
 i - a +0 scale mail
 j - a +0 chain mail
 q - a +3 leather armour
 A - a +0 scale mail
 J - a +0 cloak (worn)
 K - a +0 ring mail of cold resistance (worn)
 O - a +0 buckler (worn)
Jewellery
 t - an uncursed ring of resist corrosion
 y - a ring of stealth (right hand)
 R - a ring of positive energy (left hand)
Wands
 v - a wand of random effects (6)
 z - a wand of paralysis (7)
 L - a wand of acid (9)
 S - a wand of iceblast (5)
Scrolls
 a - 2 scrolls of amnesia {unknown}
 d - 6 scrolls of remove curse
 e - a scroll of enchant weapon {unknown}
 f - 3 scrolls of enchant armour
 l - a scroll of immolation
 r - a scroll of noise
 s - 2 scrolls of magic mapping
 x - 4 scrolls of identify
 C - a scroll of brand weapon {unknown}
 D - 3 scrolls of teleportation
 E - 2 scrolls of fog {unknown}
 H - a scroll of blinking {unknown}
 I - a scroll of vulnerability {unknown}
Potions
 h - 2 potions of might
 k - 4 potions of curing
 m - a potion of magic {unknown}
 n - 2 potions of lignification {unknown}
 o - 2 potions of berserk rage {unknown}
 w - 2 potions of flight
 M - a potion of cancellation {unknown}
 P - 2 potions of invisibility {unknown}
Comestibles
 c - 21 rations


   Skills:
 + Level 9.3 Fighting
 + Level 8.8(9.1) Short Blades
 - Level 3.2(6.5) Long Blades
 - Level 6.0 Armour
 - Level 2.0 Dodging
 + Level 9.0 Stealth
 - Level 4.2 Shields


You had 10 spell levels left.
You didn't know any spells.
Your spell library was empty.

Dungeon Overview and Level Annotations

Branches:
Dungeon (11/15)            Temple (1/1) D:6            Lair (0/6) D:11
    Orc: D:9-12

Altars:
Ashenzari
Cheibriados
Dithmenos
Elyvilon
Fedhas
Gozag
Hepliaklqana
Kikubaaqudgha
Makhleb
Nemelex Xobeh
Okawaru
Qazlal
Ru
Sif Muna
Trog
Uskayaw
Vehumet
Wu Jian
Xom
Yredelemnul
Zin
The Shining One


Innate Abilities, Weirdness & Mutations

You have a pair of large antennae on your head. (SInv)
You are partially covered in iridescent scales. (AC +2)
You are slightly more attuned to the shadows.
You regenerate a little health from kills.
Your magical and physical power is slightly enhanced at high health.


Message History

You eat one of the 22 rations.
That ration really hit the spot!
Found a ration.
Found a stone staircase leading down.
Found 20 gold pieces.
A hippogriff comes into view.
You see here a ration.
The manticore flicks its tail.
The volley of spikes hits you!
The barbed spikes become lodged in your body.
* * * LOW HITPOINT WARNING * * *
The hippogriff screeches!
You hit the hippogriff but do no damage.
The manticore flicks its tail.
The volley of spikes hits you!
The barbed spikes become lodged in your body.
* * * LOW HITPOINT WARNING * * *
The hippogriff bites you.
* * * LOW HITPOINT WARNING * * *
The hippogriff pecks you.
You die...

....>..# ........#
........# {
..$.....## .........#
.. .........#### ##..
............## #...#
#####%####..#####...#
#.6H###........#
###.# #####....####
..# #........ #.#
####..######
...............
####.H#####<######.
.[......(....# #.
..#..........####.
.................


You could see a manticore and a hippogriff.

Vanquished Creatures
  Harold (D:10)
  A death yak (D:9)
  An ugly thing (D:11)
  A troll (D:10)
  A polar bear (D:9)
  A hornet (D:9)
  A hippogriff (D:5)
  A human (D:8)
  2 yaks
  4 hogs (D:8)
  2 hungry ghosts
  4 ice beasts
  A sky beast (D:8)
  3 orc warriors
  2 necrophages
  An eye of draining (D:5)
  A phantom (D:6)
  4 black bears
  5 ogres
  A wolf (D:9)
  A centaur (D:9)
  The ghost of esho the Sneak, an amateur OpAs (D:3)
  2 gnoll sergeants
  6 bullfrogs
  7 scorpions
  A water moccasin skeleton (D:8)
  4 killer bees (D:7)
  2 howler monkeys
  A centaur zombie (D:9)
  4 crimson imps
  A quasit (D:11)
  5 hounds
  5 orc priests
  A bullfrog skeleton (D:9)
  8 orc wizards
  Crazy Yiuf (D:7)
  3 gnoll shamans (D:6)
  2 jellies
  3 centaur skeletons
  3 iguanas
  7 worker ants
  A killer bee zombie (D:8)
  A mummy (D:8)
  2 hound skeletons
  4 worker ant zombies
  38 gnolls
  A howler monkey skeleton (D:4)
  14 adders
  2 shadow imps
  A white imp (D:9)
  An ooze (D:3)
  An adder skeleton (D:5)
  5 worms
  2 dart slugs (D:1)
  6 leopard geckos
  42 orcs
  3 ball pythons
  5 giant cockroaches
  12 hobgoblins
  17 jackals
  A kobold (D:1)
  2 quokkas
  5 bats
  4 frilled lizards
  A giant cockroach zombie (D:5)
  8 goblins
  A leopard gecko skeleton (D:7)
  A leopard gecko zombie (D:5)
  A quokka simulacrum (D:9)
  4 rats
  A butterfly (D:3)
  A fungus (D:7)
294 creatures vanquished.

Vanquished Creatures (collateral kills)
  A troll (D:8)
  5 yaks (D:10)
  An ogre (D:8)
  An orc warrior (D:8)
  6 killer bees (D:8)
  A gnoll (D:9)
15 creatures vanquished.

Vanquished Creatures (others)
  5 fungi (D:11)
  2 plants (D:11)
7 creatures vanquished.

Grand Total: 316 creatures vanquished

Notes
Turn   | Place    | Note
-------+----------+-------------------------------------------
     0 | D:1      | Multipenetrator the Demonspawn Berserker began the quest
                  | for the Orb.
     0 | D:1      | Reached XP level 1. HP: 18/18 MP: 1/1
   402 | D:1      | Gained mutation: You are partially covered in iridescent
                  | scales. (AC +2) [demonic ancestry]
   402 | D:1      | Reached XP level 2. HP: 19/24 MP: 2/2
  1000 | D:1      | Reached XP level 3. HP: 9/29 MP: 3/3
  1292 | D:2      | Reached ** piety under Trog
  1752 | D:2      | Reached XP level 4. HP: 35/35 MP: 4/4
  1769 | D:2      | Found a shattered altar of Ashenzari.
  2003 | D:3      | Found a runed door.
  2005 | D:3      | Noticed esho's ghost (amateur OpAs)
  2118 | D:3      | Killed esho's ghost
  2118 | D:3      | Gained mutation: You are slightly more attuned to the
                  | shadows. [demonic ancestry]
  2118 | D:3      | Reached XP level 5. HP: 43/43 MP: 5/5
  2193 | D:3      | Found an opulent altar of Gozag.
  2424 | D:3      | Found a shimmering altar of Xom.
  2465 | D:3      | Reached skill level 1 in Stealth
  2772 | D:3      | Reached skill level 5 in Fighting
  2989 | D:4      | Gained mutation: You have a pair of small antennae on your
                  | head. [demonic ancestry]
  2989 | D:4      | Reached XP level 6. HP: 28/51 MP: 6/6
  3116 | D:4      | Found a glowing golden altar of the Shining One.
  3145 | D:4      | Found a stormy altar of Qazlal.
  3231 | D:4      | Found a shimmering altar of Xom.
  3532 | D:4      | Reached *** piety under Trog
  3721 | D:5      | Entered Level 5 of the Dungeon
  3777 | D:5      | Noticed a hippogriff
  3801 | D:5      | Killed a hippogriff
  3801 | D:5      | Gained mutation: You have a pair of antennae on your head.
                  | [demonic ancestry]
  3801 | D:5      | Reached XP level 7. HP: 59/59 MP: 0/7
  3978 | D:5      | Reached skill level 5 in Stealth
  4070 | D:5      | Reached skill level 1 in Short Blades
  4143 | D:5      | Found a white marble altar of Elyvilon.
  4282 | D:5      | Gained mutation: You have a pair of large antennae on your
                  | head. (SInv) [demonic ancestry]
  4282 | D:5      | Reached XP level 8. HP: 48/65 MP: 8/8
  4767 | D:6      | Found a white marble altar of Elyvilon.
  4803 | D:6      | Found a staircase to the Ecumenical Temple.
  4812 | Temple   | Entered the Ecumenical Temple
  4956 | D:6      | Found a radiant altar of Vehumet.
  5027 | D:6      | Found a sacrificial altar of Ru.
  5338 | D:6      | Reached **** piety under Trog
  6690 | D:7      | Reached XP level 9. HP: 57/70 MP: 9/9
  6798 | D:7      | Found a glowing silver altar of Zin.
  6861 | D:7      | Reached skill level 5 in Short Blades
  7154 | D:7      | Reached ***** piety under Trog
  7461 | D:7      | Found a runed door.
  7465 | D:7      | Noticed Crazy Yiuf
  7470 | D:7      | Killed Crazy Yiuf
  7778 | D:8      | Reached skill level 5 in Armour
  7827 | D:8      | Found a snail-covered altar of Cheibriados.
  7839 | D:8      | Found a shadowy altar of Dithmenos.
  7923 | D:8      | Noticed a troll
  7925 | D:8      | Killed a troll
  7925 | D:8      | Gained mutation: You regenerate a little health from kills.
                  | [demonic ancestry]
  7925 | D:8      | Reached XP level 10. HP: 42/80 MP: 10/10
  8256 | D:8      | Found an ornate altar of the Wu Jian Council.
  8363 | D:8      | Found a blossoming altar of Fedhas.
  8939 | D:9      | Received a gift from Trog
  9279 | D:9      | Noticed a death yak
  9308 | D:9      | Killed a death yak
  9788 | D:10     | Entered Level 10 of the Dungeon
  9825 | D:10     | Reached skill level 1 in Shields
  9946 | D:10     | Noticed Harold
  9967 | D:10     | Killed Harold
  9967 | D:10     | Gained mutation: Your magical and physical power is
                  | slightly enhanced at high health. [demonic ancestry]
  9967 | D:10     | Reached XP level 11. HP: 87/87 MP: 11/11
 10826 | D:11     | Noticed a purple ugly thing
 10853 | D:11     | Killed a purple ugly thing
 10854 | D:11     | Found a staircase to the Lair.
 10947 | D:11     | HP: 4/89 [manticore/volley of spikes (19)]
 10947 | D:11     | HP: 1/89 [hippogriff (3)]
 10947 | D:11     | Slain by a hippogriff

Vault maps used:
D:1:      evilmike_arrival_run_for_it
D:2:      ashenzari_conservatory_becter
D:3:      marbit_many_paths, xom_butterflies, ebering_ghost_sewer_d
D:4:      kennysheep_mini, nicolae_qazlal_general_emergency, first_ration,
          serial_column_ruins, tgw_xom
D:5:      minmay_chambers_of_fours, basic_altar, chequers_serial_rivers_small_b
D:6:      lemuel_castle_with_subvaults, lemuel_coloured_pillars_altar,
          kennysheep_mini_moat, minmay_temple_entry_glass,
          nicolae_ru_awakened_eye
D:7:      wander_river, zin_academy, serial_curves, eino_curves_01,
          eino_curves_04, uniq_crazy_yiuf_cottage
D:8:      overflow_temple_1_default, old_standard_altar, slow_altar_1,
          nicolae_overflow_crystal_walls, grunt_livestock,
          minmay_misc_feat_secret_circle, kennysheep_generic_room_3
D:9:      serial_ice, serial_ice_f, serial_ice_h, serial_ice_a, serial_ice_g
D:10:     uniq_harold
D:11:     due_lair_maze_entry_diamond, grunt_tough_drop
Temple:   cyrus_temple_forest

Skill      XL: |  1  2  3  4  5  6  7  8  9 10 11 |
---------------+----------------------------------+-----
Long Blades    | 3 |  3.2
Armour         | 2 3 4 5 6 |  6.0
Dodging        | 2 |  2.0
Fighting       | 4 5 6 7 8 9 |  9.3
Stealth        | 2 4 5 6 7 8 9 |  9.0
Short Blades   | 2 4 6 8 |  8.8
Shields        | 4 |  4.2

Action                   |  1- 3 |  4- 6 |  7- 9 | 10-12 || total
-------------------------+-------+-------+-------+-------++-------
Melee: Falchion          |   132 |    79 |       |       ||   211
       Rapier            |       |   127 |   403 |       ||   530
       Short sword       |       |       |   138 |   176 ||   314
       Dagger            |       |       |       |   374 ||   374
       Scimitar          |       |       |       |     2 ||     2
Throw: Throwing net      |       |       |     1 |       ||     1
Invok: Berserk           |     3 |     4 |     9 |     5 ||    21
       Trog's Hand       |       |     2 |     4 |     3 ||     9
       Brothers in Arms  |       |       |     1 |     2 ||     3
Evoke: Wand              |       |       |     6 |     5 ||    11
  Use: Scroll            |     1 |     4 |     9 |     2 ||    16
       Potion            |       |       |     1 |       ||     1
 Stab: Sleeping          |       |     3 |    23 |    18 ||    44
       Distracted        |       |       |     2 |     2 ||     4
       Paralysed         |       |       |     2 |       ||     2
       Held in net/web   |       |       |     1 |       ||     1
  Eat: Chunk             |     5 |    11 |    30 |    15 ||    61
       Ration            |       |       |       |     2 ||     2
Armor: Ring mail         |    14 |       |       |   168 ||   182
       Animal skin       |     4 |       |       |       ||     4
       Scale mail        |    36 |    97 |   141 |       ||   274
       Leather armour    |       |       |    44 |     9 ||    53
Dodge: Dodged            |    71 |   116 |   285 |   214 ||   686
Block: Buckler           |       |       |       |    25 ||    25
       Rpst.: Falchion   |    22 |    12 |       |       ||    34
       Scimitar          |       |       |       |     2 ||     2

Table legend:
 A = Non-vault XP
 B = Vault XP
 C = Vault XP percentage of total XP
 D = Non-vault monster count
 E = Vault monster count
 F = Vault count percentage of total count
                 A         B        C        D         E       F
            +---------+---------+-------+---------+---------+-------
      Total |    8870 |    5148 |  36.7 |     224 |      83 |  27.0
            +---------+---------+-------+---------+---------+-------
        D:1 |      38 |       5 |  11.6 |      19 |       1 |   5.0
        D:2 |      73 |       0 |   0.0 |      17 |       0 |   0.0
        D:3 |      69 |     122 |  63.9 |      14 |       3 |  17.6
        D:4 |     329 |      21 |   6.0 |      17 |       5 |  22.7
        D:5 |     817 |     193 |  19.1 |      21 |       4 |  16.0
        D:6 |     298 |     733 |  71.1 |       8 |      52 |  86.7
        D:7 |    1033 |      41 |   3.8 |      17 |       1 |   5.6
        D:8 |    1595 |    1007 |  38.7 |      34 |       6 |  15.0
        D:9 |    1465 |    1891 |  56.3 |      29 |       9 |  23.7
       D:10 |    2360 |    1007 |  29.9 |      40 |       1 |   2.4
       D:11 |     793 |     128 |  13.9 |       8 |       1 |  11.1
            +---------+---------+-------+---------+---------+-------
